2476 views
Uploaded 2022-04-17 00:03:49
Game version 1.32.10
646:29 long 3on3 ladder game on (6)RuinsOfStratholme
Saved by Cabeelibob
2476 views
Uploaded 2022-04-17 00:03:49
Game version 1.32.10
646:29 long 3on3 ladder game on (6)RuinsOfStratholme


120 units @ 10.9k
/ 1.1k
178 buildings @ 14.9k
/ 6.9k


| Boots of Speed | 1 | 250 |
| total: | 1 | 250g |
| Peasant | 25 | 1875 | / | 0 |
| Mortar Team | 3 | 540 | / | 210 |
| Flying Machine | 22 | 2200 | / | 660 |
| total: | 50 | 4615g | / | 870w |
| Scout Tower | 38 | 1140 | / | 760 |
| Arcane Tower | 4 | 280 | / | 200 |
| Guard Tower | 12 | 840 | / | 600 |
| Altar of Kings | 2 | 360 | / | 100 |
| Farm | 21 | 1680 | / | 420 |
| Lumber Mill | 2 | 240 | / | 0 |
| Town Hall | 1 | 385 | / | 205 |
| Blacksmith | 1 | 140 | / | 60 |
| Cannon Tower | 1 | 120 | / | 100 |
| Workshop | 3 | 420 | / | 420 |
| Keep | 1 | 320 | / | 210 |
| Castle | 1 | 360 | / | 210 |
| total: | 68 | 4365g | / | 1965w |
| 0:15 | Peasant |
| 0:18 | Altar of Kings |
| 0:28 | Peasant |
| 0:31 | Farm |
| 0:47 | Lumber Mill |
| 0:48 | Peasant |
| 1:00 | Scout Tower |
| 1:03 | Farm |
| 1:07 | Peasant |
| 1:07 | Peasant |
| 1:24 | Peasant |
| 1:35 | Arcane Tower |
| 1:37 | Peasant |
| 1:50 | Improved Lumber Harvesting |
| 1:55 | Farm |
| 1:59 | Peasant |
| 2:12 | Peasant |
| 2:18 | Storm Bolt |
| 2:26 | Peasant |
| 2:40 | Peasant |
| 3:17 | Town Hall |
| 3:23 | Peasant |
| 3:35 | Peasant |
| 4:06 | Improved Masonry |
| 4:33 | Keep |
| 4:47 | Peasant |
| 4:48 | Peasant |
| 4:55 | Scout Tower |
| 4:56 | Scout Tower |
| 5:00 | Scout Tower |
| 5:01 | Scout Tower |
| 5:03 | Scout Tower |
| 5:04 | Scout Tower |
| 5:04 | Scout Tower |
| 5:06 | Peasant |
| 5:10 | Blacksmith |
| 5:29 | Guard Tower |
| 5:34 | Peasant |
| 5:34 | Peasant |
| 5:54 | Guard Tower |
| 6:18 | Scout Tower |
| 6:19 | Scout Tower |
| 6:20 | Scout Tower |
| 6:20 | Scout Tower |
| 6:21 | Scout Tower |
| 6:25 | Black Gunpowder |
| 6:28 | Scout Tower |
| 6:29 | Scout Tower |
| 6:29 | Scout Tower |
| 6:37 | Guard Tower |
| 6:38 | Peasant |
| 6:54 | Advanced Lumber Harvesting |
| 6:55 | Advanced Masonry |
| 7:10 | Castle |
| 7:15 | Guard Tower |
| 7:19 | Scout Tower |
| 7:20 | Scout Tower |
| 7:34 | Refined Gunpowder |
| 7:43 | Workshop |
| 7:59 | Workshop |
| 8:11 | Workshop |
| 8:19 | Peasant |
| 8:19 | Peasant |
| 8:21 | Holy Light |
| 8:27 | Guard Tower |
| 8:39 | Guard Tower |
| 9:03 | Guard Tower |
| 9:05 | Scout Tower |
| 9:05 | Scout Tower |
| 9:06 | Scout Tower |
| 9:07 | Scout Tower |
| 9:13 | Peasant |
| 9:14 | Peasant |
| 9:28 | Flak Cannons |
| 9:29 | Flare |
| 9:33 | Fragmentation Shards |
| 9:46 | Flying Machine Bombs |
| 9:48 | Iron Plating |
| 10:00 | Mortar Team |
| 10:24 | Arcane Tower |
| 10:34 | Scout Tower |
| 10:35 | Scout Tower |
| 10:41 | Farm |
| 11:54 | Guard Tower |
| 11:56 | Farm |
| 11:57 | Farm |
| 12:17 | Farm |
| 12:18 | Farm |
| 13:10 | Flying Machine |
| 13:10 | Flying Machine |
| 13:10 | Flying Machine |
| 13:10 | Flying Machine |
| 13:11 | Flying Machine |
| 13:11 | Flying Machine |
| 13:11 | Flying Machine |
| 13:19 | Scout Tower |
| 13:26 | Imbued Gunpowder |
| 14:38 | Farm |
| 14:42 | Farm |
| 14:44 | Farm |
| 15:06 | Farm |
| 15:07 | Farm |
| 15:11 | Flying Machine |
| 15:11 | Flying Machine |
| 15:11 | Flying Machine |
| 15:11 | Flying Machine |
| 15:43 | Farm |
| 15:48 | Farm |
| 15:54 | Steel Plating |
| 16:05 | Farm |
| 16:32 | Farm |
| 16:32 | Farm |
| 16:49 | Flying Machine |
| 16:49 | Flying Machine |
| 17:02 | Divine Shield |
| 17:16 | Farm |
| 17:18 | Farm |
| 17:57 | Mithril Plating |
| 18:37 | Scout Tower |
| 18:38 | Scout Tower |
| 18:39 | Scout Tower |
| 18:39 | Scout Tower |
| 18:40 | Scout Tower |
| 19:22 | Scout Tower |
| 19:26 | Cannon Tower |
| 19:28 | Arcane Tower |
| 19:40 | Divine Shield |
| 20:37 | Lumber Mill |
| 20:44 | Scout Tower |
| 20:45 | Scout Tower |
| 20:45 | Scout Tower |
| 20:48 | Studded Leather Armor |
| 21:08 | Imbued Masonry |
| 21:12 | Guard Tower |
| 21:14 | Guard Tower |
| 21:47 | Guard Tower |
| 22:08 | Guard Tower |
| 22:17 | Storm Bolt |
| 27:48 | Flying Machine |
| 29:27 | Flying Machine |
| 29:28 | Flying Machine |
| 29:28 | Flying Machine |
| 29:28 | Flying Machine |
| 29:28 | Flying Machine |
| 29:28 | Flying Machine |
| 29:28 | Flying Machine |
| 29:29 | Flying Machine |
| 30:36 | Mortar Team |
| 30:55 | Holy Light |
| 31:30 | Reinforced Leather Armor |
| 33:53 | Bash |
| 35:01 | Scout Tower |
| 35:02 | Scout Tower |
| 35:03 | Scout Tower |
| 35:04 | Scout Tower |
| 35:54 | Bash |
| 36:20 | Arcane Tower |
| 40:35 | Divine Shield |
| 40:36 | Divine Shield |
| 50:54 | Mortar Team |
| 59:13 | Storm Bolt |
| 113:51 | Boots of Speed |
| 140:32 | Peasant |
| 141:01 | Altar of Kings |
| 147:57 | Farm |
| 162:11 | Peasant |
| Right click | 4830 |
| Select group | 2028 |
| Select | 761 |
| Use ability | 316 |
| Build/train/purchase | 170 |
| Misc. action | 122 |
| Minimap ping | 81 |
| Chat | 45 |
| Resource trade | 25 |
| Assign group | 12 |
| Esc | 8 |
| Item give/drop | 2 |


| Peasant | 14 | 1050 | / | 0 |
| Dragonhawk Rider | 6 | 1200 | / | 180 |
| total: | 20 | 2250g | / | 180w |
| Scout Tower | 47 | 1410 | / | 940 |
| Arcane Tower | 7 | 490 | / | 350 |
| Guard Tower | 7 | 490 | / | 350 |
| Altar of Kings | 2 | 360 | / | 100 |
| Farm | 8 | 640 | / | 160 |
| Lumber Mill | 2 | 240 | / | 0 |
| Arcane Vault | 2 | 260 | / | 60 |
| Gryphon Aviary | 2 | 280 | / | 300 |
| Keep | 1 | 320 | / | 210 |
| Castle | 1 | 360 | / | 210 |
| total: | 63 | 3190g | / | 1560w |
| 0:04 | Peasant |
| 0:04 | Peasant |
| 0:08 | Altar of Kings |
| 0:17 | Farm |
| 0:21 | Peasant |
| 0:22 | Peasant |
| 0:36 | Lumber Mill |
| 0:52 | Farm |
| 1:03 | Peasant |
| 1:03 | Peasant |
| 1:04 | Peasant |
| 1:13 | Scout Tower |
| 1:26 | Peasant |
| 1:26 | Peasant |
| 1:40 | Improved Lumber Harvesting |
| 1:44 | Arcane Tower |
| 1:46 | Peasant |
| 2:25 | Improved Masonry |
| 2:27 | Peasant |
| 2:27 | Peasant |
| 2:27 | Peasant |
| 2:27 | Peasant |
| 2:39 | Storm Bolt |
| 3:10 | Scout Tower |
| 3:11 | Scout Tower |
| 3:12 | Scout Tower |
| 3:12 | Scout Tower |
| 3:27 | Keep |
| 3:52 | Scout Tower |
| 3:52 | Scout Tower |
| 3:58 | Scout Tower |
| 4:07 | Scout Tower |
| 4:07 | Scout Tower |
| 4:08 | Scout Tower |
| 4:09 | Scout Tower |
| 4:10 | Guard Tower |
| 4:19 | Bash |
| 4:22 | Bash |
| 4:32 | Guard Tower |
| 4:42 | Scout Tower |
| 4:42 | Scout Tower |
| 4:47 | Scout Tower |
| 4:48 | Scout Tower |
| 4:54 | Guard Tower |
| 5:55 | Farm |
| 5:59 | Guard Tower |
| 6:04 | Scout Tower |
| 6:04 | Scout Tower |
| 6:05 | Scout Tower |
| 6:06 | Scout Tower |
| 6:15 | Scout Tower |
| 6:18 | Scout Tower |
| 6:36 | Advanced Masonry |
| 6:50 | Scout Tower |
| 6:51 | Scout Tower |
| 6:52 | Scout Tower |
| 6:54 | Scout Tower |
| 7:00 | Arcane Tower |
| 7:54 | Guard Tower |
| 7:59 | Scout Tower |
| 8:00 | Scout Tower |
| 8:01 | Scout Tower |
| 8:10 | Scout Tower |
| 9:35 | Castle |
| 9:45 | Guard Tower |
| 9:53 | Scout Tower |
| 9:59 | Arcane Tower |
| 10:14 | Holy Light |
| 10:34 | Arcane Tower |
| 11:09 | Gryphon Aviary |
| 11:15 | Arcane Vault |
| 11:42 | Lumber Mill |
| 11:54 | Arcane Tower |
| 12:31 | Cloud |
| 12:39 | Gryphon Aviary |
| 12:46 | Imbued Masonry |
| 13:49 | Farm |
| 13:50 | Farm |
| 13:51 | Farm |
| 13:56 | Farm |
| 14:31 | Farm |
| 14:47 | Scout Tower |
| 14:50 | Scout Tower |
| 14:56 | Scout Tower |
| 14:57 | Scout Tower |
| 14:58 | Scout Tower |
| 15:02 | Scout Tower |
| 15:03 | Scout Tower |
| 15:05 | Scout Tower |
| 15:08 | Dragonhawk Rider |
| 15:09 | Dragonhawk Rider |
| 15:25 | Dragonhawk Rider |
| 16:20 | Guard Tower |
| 20:53 | Storm Bolt |
| 27:27 | Arcane Vault |
| 28:09 | Holy Light |
| 28:39 | Dragonhawk Rider |
| 28:43 | Dragonhawk Rider |
| 38:25 | Scout Tower |
| 38:30 | Scout Tower |
| 38:34 | Scout Tower |
| 38:35 | Scout Tower |
| 39:49 | Arcane Tower |
| 39:52 | Scout Tower |
| 39:54 | Scout Tower |
| 39:57 | Scout Tower |
| 39:58 | Scout Tower |
| 41:20 | Arcane Tower |
| 41:31 | Dragonhawk Rider |
| 52:05 | Storm Bolt |
| 89:29 | Holy Light |
| 115:41 | Altar of Kings |
| 130:26 | Holy Light |
| 131:00 | Avatar |
| Right click | 8010 |
| Select group | 4688 |
| Select | 1304 |
| Use ability | 207 |
| Chat | 160 |
| Build/train/purchase | 105 |
| Minimap ping | 55 |
| Assign group | 34 |
| Misc. action | 23 |
| Item give/drop | 6 |
| Resource trade | 4 |
| Esc | 2 |
Cabeelibob
(194)
(180:44) : 
| Orb of Lightning | 1 | 375 |
| Lesser Clarity Potion | 7 | 490 |
| Tiny Great Hall | 1 | 600 |
| Healing Salve | 1 | 100 |
| Boots of Speed | 2 | 500 |
| Staff of Teleportation | 1 | 150 |
| total: | 13 | 2215g |
| Peon | 46 | 3450 | / | 0 |
| Troll Witch Doctor | 4 | 580 | / | 100 |
| total: | 50 | 4030g | / | 100w |
| Watch Tower | 23 | 2530 | / | 1840 |
| Altar of Storms | 4 | 720 | / | 200 |
| Orc Burrow | 8 | 1280 | / | 320 |
| War Mill | 3 | 615 | / | 0 |
| Voodoo Lounge | 4 | 520 | / | 120 |
| Great Hall | 4 | 1540 | / | 740 |
| Spirit Lodge | 1 | 150 | / | 150 |
| Stronghold | 1 | 315 | / | 190 |
| Fortress | 1 | 325 | / | 190 |
| total: | 47 | 7355g | / | 3370w |
| 0:04 | Peon |
| 0:09 | Altar of Storms |
| 0:12 | Orc Burrow |
| 0:13 | Peon |
| 0:27 | Peon |
| 0:34 | Peon |
| 0:59 | Peon |
| 1:01 | War Mill |
| 1:10 | Peon |
| 1:22 | Orc Burrow |
| 1:27 | Peon |
| 2:14 | Peon |
| 2:20 | Orc Burrow |
| 2:30 | Watch Tower |
| 2:37 | Peon |
| 2:58 | Watch Tower |
| 3:04 | Wind Walk |
| 3:08 | Stronghold |
| 5:49 | Fortress |
| 5:53 | Watch Tower |
| 5:59 | Spirit Lodge |
| 7:16 | Reinforced Defenses |
| 7:18 | Watch Tower |
| 7:19 | Watch Tower |
| 7:30 | Voodoo Lounge |
| 7:35 | Voodoo Lounge |
| 7:54 | Witch Doctor Adept Training |
| 8:04 | War Mill |
| 8:13 | Peon |
| 8:13 | Peon |
| 8:14 | Peon |
| 9:12 | Orc Burrow |
| 9:16 | Orb of Lightning |
| 9:16 | Lesser Clarity Potion |
| 9:18 | Tiny Great Hall |
| 9:47 | Peon |
| 9:47 | Peon |
| 9:47 | Peon |
| 9:55 | Boots of Speed |
| 9:56 | Staff of Teleportation |
| 10:12 | Critical Strike |
| 10:35 | Witch Doctor Master Training |
| 11:09 | Peon |
| 11:32 | Troll Witch Doctor |
| 11:32 | Troll Witch Doctor |
| 11:32 | Troll Witch Doctor |
| 11:32 | Troll Witch Doctor |
| 12:04 | Healing Salve |
| 12:09 | Lesser Clarity Potion |
| 13:46 | Watch Tower |
| 13:48 | Watch Tower |
| 13:55 | Shaman Adept Training |
| 16:01 | Peon |
| 16:01 | Peon |
| 16:01 | Peon |
| 16:01 | Peon |
| 16:02 | Peon |
| 16:02 | Peon |
| 16:02 | Peon |
| 16:58 | Wind Walk |
| 17:13 | Orc Burrow |
| 18:49 | Peon |
| 18:49 | Peon |
| 18:50 | Peon |
| 18:50 | Peon |
| 18:50 | Peon |
| 18:50 | Peon |
| 18:50 | Peon |
| 18:55 | Orc Burrow |
| 19:27 | Lesser Clarity Potion |
| 19:30 | Lesser Clarity Potion |
| 19:50 | Orc Burrow |
| 19:57 | Peon |
| 19:57 | Peon |
| 21:36 | Great Hall |
| 21:48 | Great Hall |
| 23:14 | Lesser Clarity Potion |
| 23:16 | Lesser Clarity Potion |
| 23:45 | Critical Strike |
| 25:25 | Peon |
| 25:25 | Peon |
| 25:25 | Peon |
| 25:25 | Peon |
| 25:25 | Peon |
| 25:26 | Peon |
| 25:27 | Peon |
| 26:23 | Lesser Clarity Potion |
| 26:27 | Peon |
| 26:27 | Peon |
| 26:27 | Peon |
| 26:27 | Peon |
| 26:27 | Peon |
| 26:27 | Peon |
| 26:28 | Peon |
| 27:06 | Altar of Storms |
| 27:09 | Altar of Storms |
| 33:31 | Voodoo Lounge |
| 34:29 | Critical Strike |
| 36:22 | Great Hall |
| 38:55 | War Mill |
| 40:18 | Watch Tower |
| 40:20 | Watch Tower |
| 40:22 | Watch Tower |
| 40:26 | Watch Tower |
| 40:29 | Watch Tower |
| 40:30 | Watch Tower |
| 40:31 | Watch Tower |
| 40:31 | Watch Tower |
| 41:16 | Voodoo Lounge |
| 42:12 | Great Hall |
| 44:12 | Orc Burrow |
| 45:49 | Watch Tower |
| 45:51 | Watch Tower |
| 45:51 | Watch Tower |
| 45:52 | Watch Tower |
| 45:56 | Watch Tower |
| 45:56 | Watch Tower |
| 46:00 | Watch Tower |
| 46:04 | Watch Tower |
| 55:20 | Bladestorm |
| 56:52 | Altar of Storms |
| 70:59 | Wind Walk |
| 92:25 | Pillage |
| 113:55 | Boots of Speed |
| 132:17 | Mirror Image |
| Right click | 4141 |
| Select | 801 |
| Select group | 481 |
| Chat | 342 |
| Misc. action | 308 |
| Build/train/purchase | 254 |
| Resource trade | 112 |
| Use ability | 62 |
| Minimap ping | 28 |
| Remove unit | 16 |
| Item give/drop | 8 |
| Assign group | 6 |
| Esc | 1 |
210 units @ 29.1k
/ 4.1k
181 buildings @ 22.3k
/ 11.7k


| Scroll of Healing | 1 | 250 |
| Scroll of Protection | 1 | 150 |
| Potion of Lesser Invulnerability | 1 | 150 |
| total: | 3 | 550g |
| Peon | 16 | 1200 | / | 0 |
| Troll Headhunter | 8 | 1120 | / | 160 |
| Grunt | 5 | 1000 | / | 0 |
| Raider | 4 | 720 | / | 160 |
| Wind Rider | 1 | 265 | / | 40 |
| Demolisher | 7 | 1540 | / | 350 |
| Kodo Beast | 3 | 765 | / | 180 |
| Troll Batrider | 3 | 480 | / | 120 |
| total: | 47 | 7090g | / | 1010w |
| Watch Tower | 6 | 660 | / | 480 |
| Altar of Storms | 1 | 180 | / | 50 |
| Orc Burrow | 8 | 1280 | / | 320 |
| War Mill | 1 | 205 | / | 0 |
| Barracks | 1 | 180 | / | 50 |
| Voodoo Lounge | 1 | 130 | / | 30 |
| Great Hall | 2 | 770 | / | 370 |
| Beastiary | 1 | 145 | / | 140 |
| Stronghold | 1 | 315 | / | 190 |
| Fortress | 1 | 325 | / | 190 |
| total: | 21 | 3550g | / | 1440w |
| 0:04 | Peon |
| 0:04 | Peon |
| 0:11 | Altar of Storms |
| 0:20 | Orc Burrow |
| 0:34 | War Mill |
| 0:39 | Peon |
| 0:49 | Peon |
| 0:59 | Peon |
| 1:06 | Peon |
| 1:33 | Barracks |
| 1:43 | Orc Burrow |
| 1:56 | Voodoo Lounge |
| 2:13 | Orc Burrow |
| 2:25 | Mirror Image |
| 2:43 | Troll Headhunter |
| 2:46 | Troll Headhunter |
| 3:21 | Troll Headhunter |
| 3:29 | Troll Headhunter |
| 3:36 | Orc Burrow |
| 3:39 | Troll Headhunter |
| 3:42 | Pillage |
| 4:12 | Grunt |
| 4:16 | Steel Armor |
| 4:24 | Critical Strike |
| 5:18 | Watch Tower |
| 5:20 | Spiked Barricades |
| 5:23 | Steel Ranged Weapons |
| 5:31 | Watch Tower |
| 5:36 | Grunt |
| 5:37 | Grunt |
| 5:46 | Mirror Image |
| 6:32 | Watch Tower |
| 6:36 | Troll Headhunter |
| 6:37 | Troll Headhunter |
| 6:38 | Troll Headhunter |
| 7:20 | Stronghold |
| 7:57 | Scroll of Protection |
| 7:58 | Potion of Lesser Invulnerability |
| 7:59 | Scroll of Healing |
| 8:19 | Great Hall |
| 8:34 | Orc Burrow |
| 8:36 | Grunt |
| 9:21 | Grunt |
| 9:32 | Orc Burrow |
| 10:28 | Beastiary |
| 10:39 | Peon |
| 10:39 | Peon |
| 10:39 | Peon |
| 10:39 | Peon |
| 10:52 | Critical Strike |
| 11:12 | Peon |
| 11:13 | Peon |
| 11:13 | Peon |
| 11:13 | Peon |
| 11:17 | Peon |
| 11:23 | Orc Burrow |
| 11:25 | Peon |
| 11:39 | Raider |
| 12:15 | Fortress |
| 12:21 | Watch Tower |
| 12:43 | Wind Rider |
| 13:31 | Orc Burrow |
| 13:35 | Ensnare |
| 13:36 | Raider |
| 13:37 | Raider |
| 13:37 | Raider |
| 14:31 | Watch Tower |
| 14:39 | Watch Tower |
| 14:45 | Troll Regeneration |
| 14:47 | Berserker Strength |
| 14:48 | Berserker Upgrade |
| 14:51 | Envenomed Spears |
| 15:46 | Burning Oil |
| 15:50 | Demolisher |
| 15:52 | Demolisher |
| 15:52 | Demolisher |
| 15:52 | Demolisher |
| 15:53 | Demolisher |
| 15:53 | Demolisher |
| 16:12 | Great Hall |
| 16:25 | Liquid Fire |
| 16:38 | Improved Spiked Barricades |
| 16:48 | Healing Wave |
| 17:38 | Demolisher |
| 17:45 | War Drums Damage Increase |
| 17:47 | Kodo Beast |
| 17:49 | Kodo Beast |
| 17:51 | Kodo Beast |
| 18:08 | Troll Batrider |
| 18:09 | Troll Batrider |
| 18:10 | Troll Batrider |
| Select | 166 |
| Select group | 144 |
| Build/train/purchase | 102 |
| Misc. action | 93 |
| Right click | 74 |
| Assign group | 25 |
| Item give/drop | 4 |
| Use ability | 3 |



| Scroll of Regeneration | 11 | 1100 |
| Lesser Clarity Potion | 10 | 700 |
| Potion of Healing | 4 | 600 |
| Orb of Fire | 2 | 650 |
| Scroll of Town Portal | 2 | 700 |
| Scroll of Healing | 2 | 500 |
| Potion of Lesser Invulnerability | 1 | 150 |
| total: | 32 | 4400g |
| Peasant | 20 | 1500 | / | 0 |
| Footman | 7 | 945 | / | 0 |
| Spell Breaker | 2 | 430 | / | 60 |
| Knight | 5 | 1225 | / | 300 |
| Sorceress | 2 | 310 | / | 40 |
| Priest | 4 | 540 | / | 40 |
| Mortar Team | 5 | 900 | / | 350 |
| Siege Engine | 5 | 975 | / | 300 |
| total: | 50 | 6825g | / | 1090w |
| Scout Tower | 18 | 540 | / | 360 |
| Arcane Tower | 9 | 630 | / | 450 |
| Guard Tower | 4 | 280 | / | 200 |
| Altar of Kings | 2 | 360 | / | 100 |
| Farm | 13 | 1040 | / | 260 |
| Barracks | 1 | 160 | / | 60 |
| Town Hall | 4 | 1540 | / | 820 |
| Lumber Mill | 1 | 120 | / | 0 |
| Arcane Vault | 2 | 260 | / | 60 |
| Blacksmith | 1 | 140 | / | 60 |
| Cannon Tower | 3 | 360 | / | 300 |
| Arcane Sanctum | 2 | 300 | / | 280 |
| Workshop | 2 | 280 | / | 280 |
| Keep | 1 | 320 | / | 210 |
| Castle | 1 | 360 | / | 210 |
| total: | 46 | 4740g | / | 2280w |
| 0:02 | Peasant |
| 0:02 | Peasant |
| 0:06 | Altar of Kings |
| 0:12 | Farm |
| 0:20 | Barracks |
| 0:26 | Peasant |
| 0:42 | Peasant |
| 0:52 | Farm |
| 1:02 | Peasant |
| 1:12 | Peasant |
| 1:23 | Footman |
| 1:30 | Peasant |
| 1:32 | Farm |
| 1:45 | Footman |
| 1:52 | Peasant |
| 2:09 | Summon Water Elemental |
| 2:12 | Footman |
| 2:20 | Peasant |
| 2:32 | Peasant |
| 2:36 | Footman |
| 2:46 | Peasant |
| 3:01 | Peasant |
| 3:40 | Brilliance Aura |
| 3:56 | Town Hall |
| 4:02 | Lumber Mill |
| 4:12 | Arcane Vault |
| 4:43 | Scout Tower |
| 5:02 | Peasant |
| 5:02 | Peasant |
| 5:05 | Arcane Tower |
| 5:19 | Scout Tower |
| 5:22 | Peasant |
| 5:22 | Peasant |
| 5:29 | Farm |
| 5:36 | Peasant |
| 5:36 | Peasant |
| 5:40 | Scout Tower |
| 5:43 | Farm |
| 5:52 | Keep |
| 5:59 | Scroll of Regeneration |
| 5:59 | Lesser Clarity Potion |
| 6:05 | Arcane Tower |
| 6:11 | Guard Tower |
| 6:15 | Peasant |
| 6:18 | Farm |
| 6:31 | Improved Lumber Harvesting |
| 6:37 | Farm |
| 6:41 | Farm |
| 6:47 | Defend |
| 6:47 | Footman |
| 7:02 | Blacksmith |
| 7:07 | Farm |
| 7:12 | Summon Water Elemental |
| 7:24 | Improved Masonry |
| 7:30 | Farm |
| 7:40 | Footman |
| 7:43 | Scroll of Regeneration |
| 7:44 | Lesser Clarity Potion |
| 7:46 | Scroll of Regeneration |
| 8:14 | Iron Forged Swords |
| 8:29 | Farm |
| 8:32 | Farm |
| 8:39 | Brilliance Aura |
| 8:49 | Advanced Lumber Harvesting |
| 8:50 | Advanced Masonry |
| 8:59 | Arcane Sanctum |
| 9:02 | Arcane Sanctum |
| 9:19 | Iron Plating |
| 9:20 | Steel Forged Swords |
| 9:25 | Peasant |
| 9:33 | Footman |
| 9:52 | Potion of Healing |
| 9:52 | Potion of Healing |
| 9:52 | Scroll of Regeneration |
| 9:53 | Lesser Clarity Potion |
| 9:53 | Lesser Clarity Potion |
| 9:56 | Storm Bolt |
| 10:17 | Spell Breaker |
| 10:20 | Spell Breaker |
| 10:21 | Castle |
| 10:34 | Farm |
| 11:12 | Steel Plating |
| 11:15 | Sorceress Adept Training |
| 11:17 | Priest Adept Training |
| 12:03 | Thunder Clap |
| 13:03 | Animal War Training |
| 13:03 | Knight |
| 13:11 | Knight |
| 13:33 | Knight |
| 13:36 | Sorceress Master Training |
| 13:36 | Sorceress |
| 13:38 | Priest Master Training |
| 13:38 | Priest |
| 13:39 | Priest |
| 13:41 | Sorceress |
| 13:43 | Mithril Forged Swords |
| 13:44 | Mithril Plating |
| 14:05 | Scroll of Regeneration |
| 14:05 | Scroll of Regeneration |
| 14:06 | Lesser Clarity Potion |
| 14:06 | Lesser Clarity Potion |
| 14:13 | Potion of Healing |
| 14:18 | Holy Light |
| 14:36 | Knight |
| 15:37 | Workshop |
| 15:39 | Workshop |
| 16:34 | Town Hall |
| 16:40 | Scout Tower |
| 16:59 | Fragmentation Shards |
| 17:00 | Flare |
| 17:01 | Mortar Team |
| 17:02 | Mortar Team |
| 17:15 | Black Gunpowder |
| 17:35 | Arcane Tower |
| 17:58 | Scout Tower |
| 18:04 | Scout Tower |
| 18:19 | Mortar Team |
| 18:22 | Refined Gunpowder |
| 18:28 | Arcane Tower |
| 19:08 | Summon Water Elemental |
| 19:27 | Scroll of Town Portal |
| 19:27 | Scroll of Healing |
| 19:55 | Potion of Lesser Invulnerability |
| 19:57 | Scroll of Healing |
| 20:08 | Siege Engine |
| 20:12 | Imbued Gunpowder |
| 20:14 | Studded Leather Armor |
| 20:45 | Scroll of Town Portal |
| 20:45 | Lesser Clarity Potion |
| 21:32 | Guard Tower |
| 21:43 | Scout Tower |
| 21:48 | Scout Tower |
| 22:02 | Town Hall |
| 22:05 | Scout Tower |
| 22:08 | Scout Tower |
| 22:10 | Scout Tower |
| 22:18 | Guard Tower |
| 22:43 | Guard Tower |
| 23:20 | Arcane Tower |
| 23:54 | Arcane Tower |
| 23:56 | Arcane Tower |
| 24:24 | Scout Tower |
| 24:38 | Scout Tower |
| 27:00 | Storm Bolt |
| 27:11 | Mortar Team |
| 28:36 | Arcane Tower |
| 28:37 | Arcane Tower |
| 29:27 | Scout Tower |
| 29:30 | Scout Tower |
| 29:33 | Scout Tower |
| 29:36 | Town Hall |
| 30:12 | Cannon Tower |
| 30:20 | Scout Tower |
| 30:44 | Mortar Team |
| 30:46 | Knight |
| 30:50 | Cannon Tower |
| 30:54 | Scout Tower |
| 31:15 | Orb of Fire |
| 31:40 | Cannon Tower |
| 31:48 | Siege Engine |
| 31:55 | Barrage |
| 32:28 | Divine Shield |
| 33:23 | Siege Engine |
| 33:24 | Siege Engine |
| 34:05 | Arcane Vault |
| 34:12 | Orb of Fire |
| 34:14 | Lesser Clarity Potion |
| 34:17 | Scroll of Regeneration |
| 34:36 | Divine Shield |
| 34:39 | Siege Engine |
| 34:55 | Priest |
| 34:56 | Priest |
| 35:41 | Potion of Healing |
| 35:42 | Scroll of Regeneration |
| 38:35 | Scroll of Regeneration |
| 38:35 | Scroll of Regeneration |
| 38:38 | Lesser Clarity Potion |
| 38:38 | Lesser Clarity Potion |
| 40:06 | Mass Teleport |
| 40:20 | Altar of Kings |
| 40:38 | Scroll of Regeneration |
| Select group | 3088 |
| Select | 1146 |
| Right click | 981 |
| Misc. action | 463 |
| Build/train/purchase | 220 |
| Assign group | 71 |
| Use ability | 34 |
| Item give/drop | 10 |
| Esc | 3 |
TheWindBlows
(180:42) : 



x1)
| Scroll of Regeneration | 3 | 300 |
| Potion of Healing | 2 | 300 |
| Scroll of Town Portal | 7 | 2450 |
| Scroll of Healing | 1 | 250 |
| Dust of Appearance | 1 | 75 |
| Potion of Lesser Invulnerability | 2 | 300 |
| Tome of Retraining | 1 | 300 |
| total: | 17 | 3975g |
| Peasant | 28 | 2100 | / | 0 |
| Rifleman | 14 | 2870 | / | 420 |
| Priest | 9 | 1215 | / | 90 |
| Mortar Team | 4 | 720 | / | 280 |
| Sorceress | 3 | 465 | / | 60 |
| Peon | 23 | 1725 | / | 0 |
| Troll Witch Doctor | 3 | 435 | / | 75 |
| Shaman | 4 | 520 | / | 80 |
| Troll Batrider | 14 | 2240 | / | 560 |
| Wind Rider | 10 | 2650 | / | 400 |
| Kodo Beast | 1 | 255 | / | 60 |
| total: | 113 | 15195g | / | 2025w |
| Scout Tower | 16 | 480 | / | 320 |
| Arcane Tower | 7 | 490 | / | 350 |
| Guard Tower | 10 | 700 | / | 500 |
| Blacksmith | 1 | 140 | / | 60 |
| Altar of Kings | 1 | 180 | / | 50 |
| Farm | 14 | 1120 | / | 280 |
| Barracks | 2 | 320 | / | 120 |
| Lumber Mill | 4 | 480 | / | 0 |
| Arcane Vault | 1 | 130 | / | 30 |
| Town Hall | 2 | 770 | / | 410 |
| Arcane Sanctum | 1 | 150 | / | 140 |
| Workshop | 4 | 560 | / | 560 |
| Keep | 2 | 640 | / | 420 |
| Castle | 2 | 720 | / | 420 |
| Watch Tower | 45 | 4950 | / | 3600 |
| Altar of Storms | 1 | 180 | / | 50 |
| Orc Burrow | 6 | 960 | / | 240 |
| Great Hall | 5 | 1925 | / | 925 |
| War Mill | 1 | 205 | / | 0 |
| Voodoo Lounge | 2 | 260 | / | 60 |
| Spirit Lodge | 2 | 300 | / | 300 |
| Beastiary | 6 | 870 | / | 840 |
| Stronghold | 2 | 630 | / | 380 |
| Fortress | 2 | 650 | / | 380 |
| total: | 114 | 13980g | / | 7985w |
| 0:01 | Peasant |
| 0:02 | Peasant |
| 0:07 | Peasant |
| 0:28 | Blacksmith |
| 0:38 | Altar of Kings |
| 0:39 | Peasant |
| 0:49 | Farm |
| 0:59 | Peasant |
| 1:06 | Barracks |
| 1:13 | Peasant |
| 1:22 | Peasant |
| 1:35 | Farm |
| 1:48 | Peasant |
| 2:02 | Scout Tower |
| 2:07 | Lumber Mill |
| 2:11 | Rifleman |
| 2:12 | Rifleman |
| 2:12 | Rifleman |
| 2:23 | Farm |
| 2:29 | Arcane Tower |
| 2:43 | Holy Light |
| 2:50 | Rifleman |
| 2:50 | Rifleman |
| 3:13 | Rifleman |
| 4:12 | Rifleman |
| 4:15 | Keep |
| 4:23 | Arcane Vault |
| 4:24 | Farm |
| 4:31 | Devotion Aura |
| 5:11 | Rifleman |
| 5:13 | Studded Leather Armor |
| 5:13 | Reinforced Leather Armor |
| 5:16 | Holy Light |
| 5:25 | Farm |
| 5:26 | Scout Tower |
| 5:42 | Rifleman |
| 6:10 | Guard Tower |
| 6:12 | Rifleman |
| 6:17 | Farm |
| 6:40 | Long Rifles |
| 6:50 | Devotion Aura |
| 6:53 | Farm |
| 7:26 | Arcane Sanctum |
| 7:32 | Farm |
| 8:02 | Improved Lumber Harvesting |
| 8:03 | Advanced Lumber Harvesting |
| 8:03 | Peasant |
| 8:17 | Dragonhide Armor |
| 8:29 | Siphon Mana |
| 8:39 | Devotion Aura |
| 8:48 | Peasant |
| 9:24 | Scroll of Regeneration |
| 9:32 | Potion of Healing |
| 9:34 | Scroll of Regeneration |
| 9:36 | Potion of Healing |
| 9:39 | Scroll of Town Portal |
| 9:42 | Priest |
| 9:42 | Priest Adept Training |
| 9:43 | Priest Master Training |
| 9:45 | Peasant |
| 9:59 | Black Gunpowder |
| 10:10 | Town Hall |
| 10:14 | Priest |
| 11:37 | Scout Tower |
| 11:38 | Scout Tower |
| 11:54 | Refined Gunpowder |
| 11:54 | Imbued Gunpowder |
| 11:58 | Barracks |
| 12:00 | Improved Masonry |
| 12:00 | Advanced Masonry |
| 12:06 | Arcane Tower |
| 12:41 | Guard Tower |
| 12:59 | Castle |
| 13:55 | Rifleman |
| 13:55 | Priest |
| 13:59 | Peasant |
| 14:00 | Peasant |
| 14:00 | Peasant |
| 14:00 | Peasant |
| 14:26 | Rifleman |
| 14:29 | Farm |
| 14:30 | Farm |
| 15:11 | Rifleman |
| 15:33 | Rifleman |
| 16:01 | Banish |
| 16:08 | Peasant |
| 16:08 | Peasant |
| 16:42 | Workshop |
| 16:44 | Workshop |
| 16:55 | Peasant |
| 16:55 | Peasant |
| 16:55 | Peasant |
| 16:59 | Lumber Mill |
| 17:35 | Potion of Lesser Invulnerability |
| 17:36 | Scroll of Healing |
| 17:54 | Workshop |
| 17:57 | Peasant |
| 17:58 | Peasant |
| 18:03 | Peasant |
| 18:08 | Farm |
| 18:09 | Farm |
| 18:28 | Peasant |
| 19:00 | Fragmentation Shards |
| 19:15 | Scroll of Town Portal |
| 19:16 | Scroll of Town Portal |
| 19:30 | Scroll of Town Portal |
| 19:32 | Imbued Masonry |
| 19:35 | Scout Tower |
| 19:37 | Scout Tower |
| 19:44 | Scout Tower |
| 19:45 | Scout Tower |
| 19:56 | Workshop |
| 20:12 | Arcane Tower |
| 20:14 | Magic Sentry |
| 20:51 | Guard Tower |
| 21:11 | Mortar Team |
| 21:14 | Lumber Mill |
| 21:28 | Peasant |
| 21:28 | Peasant |
| 21:28 | Peasant |
| 21:28 | Peasant |
| 21:30 | Farm |
| 21:49 | Farm |
| 22:04 | Scroll of Town Portal |
| 22:19 | Scout Tower |
| 22:19 | Scout Tower |
| 22:25 | Mortar Team |
| 22:32 | Peon |
| 22:33 | Peon |
| 22:33 | Peon |
| 22:35 | Peon |
| 22:53 | Guard Tower |
| 23:20 | Mortar Team |
| 24:54 | Mortar Team |
| 25:17 | Siphon Mana |
| 25:35 | Town Hall |
| 26:43 | Stronghold |
| 26:45 | Peon |
| 26:46 | Peon |
| 26:46 | Peon |
| 26:47 | Watch Tower |
| 26:48 | Watch Tower |
| 26:49 | Peon |
| 26:49 | Peon |
| 26:49 | Peon |
| 27:16 | Peon |
| 27:16 | Peon |
| 27:17 | Peon |
| 27:28 | Scout Tower |
| 27:44 | Scout Tower |
| 28:26 | Watch Tower |
| 28:27 | Watch Tower |
| 28:27 | Watch Tower |
| 28:38 | Arcane Tower |
| 28:39 | Scout Tower |
| 29:07 | Scout Tower |
| 29:07 | Guard Tower |
| 29:15 | Watch Tower |
| 29:18 | Altar of Storms |
| 29:30 | Flare |
| 29:34 | Scout Tower |
| 29:35 | Scout Tower |
| 29:38 | Guard Tower |
| 33:40 | Resurrection |
| 34:51 | Scroll of Regeneration |
| 35:09 | Scroll of Town Portal |
| 35:09 | Scroll of Town Portal |
| 35:28 | Orc Burrow |
| 35:29 | Orc Burrow |
| 35:30 | Orc Burrow |
| 35:31 | Orc Burrow |
| 35:33 | Fortress |
| 35:39 | Great Hall |
| 35:40 | Watch Tower |
| 35:51 | Priest |
| 36:36 | Watch Tower |
| 36:37 | Watch Tower |
| 36:48 | Spirit Lodge |
| 36:48 | Spirit Lodge |
| 38:22 | Lumber Mill |
| 38:38 | Priest |
| 39:35 | Witch Doctor Adept Training |
| 39:35 | Shaman Adept Training |
| 40:22 | Watch Tower |
| 40:22 | Watch Tower |
| 40:38 | Orc Burrow |
| 40:39 | Orc Burrow |
| 40:53 | Endurance Aura |
| 41:18 | Great Hall |
| 41:22 | Great Hall |
| 41:40 | Witch Doctor Master Training |
| 41:41 | Shaman Master Training |
| 41:47 | War Mill |
| 42:18 | Watch Tower |
| 42:18 | Watch Tower |
| 42:20 | Watch Tower |
| 42:22 | Watch Tower |
| 42:22 | Watch Tower |
| 42:32 | Troll Witch Doctor |
| 42:32 | Shaman |
| 42:39 | Arcane Tower |
| 43:36 | Steel Ranged Weapons |
| 43:37 | Steel Armor |
| 43:38 | Beastiary |
| 43:39 | Beastiary |
| 43:50 | Watch Tower |
| 43:51 | Watch Tower |
| 43:53 | Reinforced Defenses |
| 43:58 | Watch Tower |
| 43:58 | Watch Tower |
| 43:59 | Watch Tower |
| 44:14 | Great Hall |
| 44:50 | Peon |
| 44:51 | Peon |
| 44:51 | Peon |
| 44:51 | Peon |
| 44:51 | Peon |
| 44:51 | Peon |
| 44:55 | Troll Witch Doctor |
| 44:56 | Shaman |
| 45:01 | Voodoo Lounge |
| 45:07 | Peon |
| 46:11 | Watch Tower |
| 46:38 | Watch Tower |
| 46:40 | Troll Batrider |
| 46:43 | Troll Batrider |
| 48:07 | Troll Batrider |
| 48:07 | Troll Batrider |
| 48:53 | Troll Batrider |
| 48:53 | Troll Batrider |
| 48:59 | Watch Tower |
| 49:02 | Great Hall |
| 50:08 | Hex |
| 50:41 | Watch Tower |
| 50:42 | Watch Tower |
| 50:46 | Beastiary |
| 50:48 | Beastiary |
| 51:59 | Voodoo Lounge |
| 52:22 | Watch Tower |
| 52:23 | Watch Tower |
| 53:45 | Troll Batrider |
| 53:45 | Troll Batrider |
| 53:59 | Peon |
| 53:59 | Peon |
| 53:59 | Peon |
| 54:23 | Troll Batrider |
| 55:09 | Wind Rider |
| 55:10 | Wind Rider |
| 55:29 | Watch Tower |
| 55:51 | Watch Tower |
| 55:57 | Wind Rider |
| 57:46 | Kodo Beast |
| 57:48 | Wind Rider |
| 58:38 | Watch Tower |
| 58:40 | Beastiary |
| 58:40 | Beastiary |
| 60:42 | Priest |
| 61:16 | Priest |
| 61:16 | Priest |
| 62:36 | Wind Rider |
| 62:49 | Priest |
| 63:40 | Wind Rider |
| 64:38 | Sorceress |
| 64:38 | Sorceress |
| 64:40 | Sorceress |
| 64:59 | Troll Batrider |
| 65:31 | Troll Batrider |
| 66:25 | Troll Batrider |
| 66:32 | Troll Batrider |
| 69:13 | Shaman |
| 69:16 | Wind Rider |
| 69:16 | Wind Rider |
| 71:12 | Troll Witch Doctor |
| 71:13 | Shaman |
| 71:24 | Watch Tower |
| 71:26 | Watch Tower |
| 71:28 | Watch Tower |
| 71:30 | Watch Tower |
| 71:30 | Watch Tower |
| 72:34 | Watch Tower |
| 72:34 | Watch Tower |
| 72:37 | Watch Tower |
| 75:41 | Banish |
| 76:23 | Wind Rider |
| 76:24 | Wind Rider |
| 78:40 | Watch Tower |
| 78:41 | Watch Tower |
| 78:42 | Watch Tower |
| 79:24 | Tome of Retraining |
| 79:24 | Retrain Hero |
| 79:29 | Wind Walk |
| 79:30 | Wind Walk |
| 79:30 | Critical Strike |
| 79:30 | Critical Strike |
| 82:26 | Watch Tower |
| 82:26 | Watch Tower |
| 82:27 | Watch Tower |
| 93:48 | Critical Strike |
| 114:15 | Dust of Appearance |
| 114:18 | Potion of Lesser Invulnerability |
| 120:46 | Thunder Clap |
| 123:08 | Holy Light |
| 123:23 | War Stomp |
| 127:46 | Hex |
| 143:00 | War Stomp |
| 144:51 | Holy Light |
| 144:54 | Brilliance Aura |
| 167:12 | Wind Walk |
| 169:51 | Storm Bolt |
| 170:13 | Healing Wave |
| 179:04 | Troll Batrider |
| Select group | 10901 |
| Right click | 9915 |
| Select | 3551 |
| Misc. action | 1843 |
| Build/train/purchase | 578 |
| Use ability | 528 |
| Assign group | 224 |
| Chat | 137 |
| Resource trade | 50 |
| Item give/drop | 26 |
| Esc | 25 |
| Minimap ping | 5 |
⇛